 Dungeon Crawl Stone Soup version 0.26-b1-32-g5d43845318 (webtiles) character file.

Game seed: 13359771309603802495

199034 Canard the Impaler (level 18, -13/237 HPs)
             Began as a Merfolk Gladiator on Jan 9, 2021.
             Was a High Priest of Trog.
             Mangled by a deep elf blademaster
             ... wielding a +0 rapier
              (20 damage)
             ... on level 3 of the Elven Halls.
             The game lasted 01:20:07 (33478 turns).

Canard the Impaler (Merfolk Gladiator)             Turns: 33478, Time: 01:20:07

Health: -13/237    AC: 15    Str: 28    XL:     18   Next: 91%
Magic:  0/18       EV: 27    Int: 10    God:    Trog [*****.]
Gold:   3367       SH:  0    Dex: 22    Spells: 17/17 levels left

rFire    + . .     SeeInvis +   a - +9 glaive (drain)
rCold    . . .     Faith    .   (shield currently unavailable)
rNeg     + . .     Spirit   +   h - +4 chain mail {rF+}
rPois    .         Reflect  .   d - +0 mask of the Dragon {Will+ Slay+3 SInv}
rElec    .         Harm     .   N - scarf {repulsion}
rCorr    .         Rampage  .   j - +0 pair of gloves
Will     ++...                  J - +0 pair of boots
Stlth    ..........             w - amulet of Ethics {Spirit rN+ Str+5}
HPRegen  0.49/turn              p - +6 ring of dexterity
MPRegen  0.16/turn              Y - +4 ring of evasion

@: mighty, berserking, corroded, repel missiles, very quick
A: change form in water, swift swim, stealthy swim, clever 1, strong 1
a: Renounce Religion, Berserk, Trog's Hand, Brothers in Arms


You were on level 3 of the Elven Halls.
You worshipped Trog.
Trog was extremely pleased with you.
You visited 5 branches of the dungeon, and saw 27 of its levels.
You visited the Abyss 1 time.

You collected 4181 gold pieces.
You spent 814 gold pieces at shops.

Inventory:

Hand Weapons
 a - a +9 glaive of draining (weapon)
   (You took it off an orc warrior on level 10 of the Dungeon)
 c - a +8 vorpal glaive {god gift}
   (Trog gifted it to you on level 15 of the Dungeon)
 t - a +8 bardiche {god gift}
   (Trog gifted it to you on level 1 of the Orcish Mines)
Missiles
 v - 14 javelins (quivered)
 Z - 5 throwing nets {!f}
Armour
 d - the +0 mask of the Dragon (worn) {Will+ Slay+3 SInv}
   (You found it on level 14 of the Dungeon)

   It affects your accuracy and damage with ranged weapons and melee attacks
   (+3).
   It affects your willpower, your defense against some magical effects.
   It lets you see invisible.
 h - a +4 chain mail of fire resistance (worn)
   (You took it off Saint Roka on level 2 of the Orcish Mines)
 j - a +0 pair of gloves (worn)
   (You found it on level 14 of the Dungeon)
 m - a +5 ring mail of poison resistance
   (You took it off an orc on level 6 of the Dungeon)
 x - the +4 plate armour of the Vaults {+Blink rN+}
   (You found it on level 2 of the Lair of Beasts)

   It protects you from negative energy.
   It lets you blink.
 J - a +0 pair of boots (worn)
   (You found it on level 14 of the Dungeon)
 N - a scarf of repulsion (worn)
   (You found it on level 10 of the Dungeon)
Jewellery
 f - an uncursed ring of protection from fire
   (You found it on level 1 of the Dungeon)
 g - an uncursed ring of resist corrosion
   (You found it on level 3 of the Dungeon)
 p - a +6 ring of dexterity (left hand)
   (You found it on level 5 of the Dungeon)
 r - an uncursed amulet of regeneration
   (You found it on level 2 of the Lair of Beasts)
 s - the ring of the Firefly {+Blink rC+}
   (You took it off an orc high priest on level 3 of the Elven Halls)

   [ring of protection from cold]

   It protects you from cold.
   It lets you blink.
 w - the amulet of Ethics (around neck) {Spirit rN+ Str+5}
   (You bought it in a shop on level 2 of the Orcish Mines)

   [amulet of guardian spirit]

   It causes incoming damage to be split between your health and magic.
   It affects your strength (+5).
   It protects you from negative energy.
 Y - a +4 ring of evasion (right hand)
   (You found it on level 15 of the Dungeon)
Wands
 y - a wand of disintegration (14)
   (You took it off a wight on level 6 of the Dungeon)
 A - a wand of acid (16)
   (You found it on level 7 of the Dungeon)
 E - a wand of enslavement (14)
   (You found it on level 10 of the Dungeon)
 P - a wand of paralysis (8)
   (You took it off Maggie on level 6 of the Dungeon)
 V - a wand of flame (29)
   (You found it on level 11 of the Dungeon)
Scrolls
 i - 5 scrolls of enchant armour
 k - 4 scrolls of fog
 z - 5 scrolls of immolation
 B - 6 scrolls of blinking {!r@r4}
 F - 3 scrolls of vulnerability
 I - a scroll of silence {!r}
 R - 9 scrolls of identify {@r1}
 S - 8 scrolls of enchant weapon
 T - 6 scrolls of teleportation {@r3}
 W - 19 scrolls of remove curse {@r2}
Potions
 e - 2 potions of magic
 l - 4 potions of flight
 n - 5 potions of resistance {@q6}
 o - 5 potions of cancellation
 D - 7 potions of lignification
 H - 2 potions of haste {@q3}
 K - 2 potions of invisibility
 M - 3 potions of attraction
 O - 2 potions of might {@q4}
 Q - 17 potions of curing {@q1}
 U - a potion of ambrosia
Miscellaneous
 b - a tin of tremorstones (2/2)
   (You found it on level 3 of the Elven Halls)
 L - a lightning rod (4/4)
   (You found it on level 4 of the Lair of Beasts)
 X - a box of beasts
   (You found it on level 2 of the Lair of Beasts)


   Skills:
 + Level 18.7 Fighting
 - Level 20.0 Polearms
 - Level 8.0 Throwing
 + Level 12.6 Armour
 + Level 17.2 Dodging
 - Level 10.0 Evocations


You had 17 spell levels left.
You didn't know any spells.
Your spell library contained the following spells:

 Spells                   Type           Power        Failure   Level
 Animate Skeleton         Necr           0%           82%         1
 Corona                   Hex            0%           82%         1
 Pain                     Necr           0%           82%         1
 Shock                    Conj/Air       0%           82%         1
 Sting                    Tmut/Pois      0%           82%         1
 Ensorcelled Hibernation  Hex/Ice        0%           91%         2
 Poisonous Vapours        Pois/Air       0%           91%         2
 Swiftness                Air            0%           91%         2
 Confusing Touch          Hex            0%           99%         3
 Dazzling Flash           Conj/Hex       0%           99%         3
 Ignite Poison            Fire/Tmut/Pois 0%           99%         3
 Mephitic Cloud           Conj/Pois/Air  0%           99%         3
 Teleport Other           Tloc           0%           99%         3
 Tukima's Dance           Hex            0%           99%         3
 Vampiric Draining        Necr           0%           99%         3
 Animate Dead             Necr           0%           100%        4
 Hailstorm                Conj/Ice       0%           100%        4
 Ice Form                 Ice/Tmut       0%           100%        4
 Olgreb's Toxic Radiance  Pois           0%           100%        4
 Summon Lightning Spire   Summ/Air       0%           100%        4
 Agony                    Necr           0%           100%        5
 Bolt of Magma            Conj/Fire/Erth 0%           100%        5
 Excruciating Wounds      Necr           0%           100%        5
 Silence                  Hex/Air        0%           100%        5
 Yara's Violent Unravell  Hex/Tmut       0%           100%        5
 Conjure Ball Lightning   Conj/Air       0%           100%        6
 Dragon Form              Tmut           0%           100%        7
 Haunt                    Necr/Summ      0%           100%        7
 Borgnjor's Revivificati  Necr           0%           100%        8
 Infestation              Necr           0%           100%        8
 Necromutation            Tmut/Necr      0%           100%        8
 Death's Door             Necr           0%           100%        9
 Tornado                  Air            0%           100%        9


Dungeon Overview and Level Annotations

Branches:
Dungeon (15/15)            Temple (1/1) D:6            Lair (6/6) D:11
 Shoals (0/4) Lair:3        Snake (0/4) Lair:3        Slime (0/5) Lair:5
    Orc (2/2) D:11            Elf (3/3) Orc:2        Vaults (0/5) D:14
 Depths (0/5) D:15

Altars:
Cheibriados
Dithmenos
Elyvilon
Hepliaklqana
Makhleb
Nemelex Xobeh
Ru
Sif Muna
Trog
Uskayaw
Vehumet
Wu Jian
Xom
The Shining One
Beogh

Shops:
D:5 ?   Orc:2 (=*[(   Elf:1 [   Elf:2 }

Annotations:
D:11 exclusion: oklob plant
Lair:6 2 transporters, Comi's ghost, journeyman TeBe


Innate Abilities, Weirdness & Mutations

You revert to your normal form in water.
You are very nimble and swift while swimming.
You are very stealthy in the water. (Stealth+)
Your mind is acute. (Int +2)
Your muscles are strong. (Str +2)


Message History

The deep elf blademaster is moderately wounded.
The deep elf blademaster completely misses you.
The deep elf blademaster barely misses you.
You closely miss the deep elf blademaster.
The deep elf blademaster is moderately wounded.
The deep elf blademaster hits you but does no damage.
The deep elf blademaster hits you with a +0 rapier.
* * * LOW HITPOINT WARNING * * *
You closely miss the deep elf blademaster.
The deep elf blademaster is moderately wounded.
The deep elf blademaster hits you with a +0 rapier!
* * * LOW MAGIC WARNING * * *;
* * * LOW HITPOINT WARNING * * *
The deep elf blademaster hits you with a +0 rapier.
* * * LOW MAGIC WARNING * * *;
* * * LOW HITPOINT WARNING * * *
Unknown command.
You completely miss the deep elf blademaster.
The deep elf blademaster is moderately wounded.
Your skin stops crawling.
You feel less strong-willed.
The deep elf blademaster hits you with a +0 rapier!!
You die...

.....## .'.....##
.....## '......##
ยง.....##
....(..###.......##
........... #
.......... ######
....e....
##!).[[##........
#.)$:[e@#........ #
'.?|(|).e######## #
#.)$[$!.## #
##):$|$## # ######


You could see 2 deep elf blademasters.

Vanquished Creatures
  Saint Roka (Orc:2)
  Nikola (Elf:2)
  A lich (Abyss:3)
  2 deep elf master archers (Elf:3)
  A deep elf blademaster (Elf:2)
  A sphinx (Abyss:3)
  Kirke (D:15)
  A shadow dragon (Elf:2)
  A frost giant (D:15)
  2 deep elf sorcerers (Elf:3)
  The ghost of Qishud the Geomancer, an adept GrEE of Vehumet (D:15)
  An iron dragon (Elf:2)
  A cacodemon (Abyss:3)
  5 deep elf elementalists (Elf:1 Elf:3)
  6 deep elf demonologists (Elf:2 Elf:3)
  Nessos (Lair:4)
  4 deep elf annihilators (Elf:1 Elf:2 Elf:3)
  Azrael (D:15)
  3 deep elf death magi (Elf:3)
  6 deep elf high priests (Elf:2 Elf:3)
  5 fire dragons (D:13 D:15 Elf:2)
  A boulder beetle (D:15)
  14 hydras (D:13 Lair:1 Lair:2 Lair:3 Lair:4)
  A vault guard (D:14)
  A yaktaur captain (D:15)
  Erica (D:11)
  2 centaur warriors (D:14)
  The ghost of Irupsat the Destroyer, a journeyman DrCj of Vehumet (D:9)
  A catoblepas (Lair:6)
  An ogre mage (Orc:2)
  22 dancing weapons (Elf:1 Elf:2 Elf:3)
  A deep troll shaman (Lair:6)
  A tengu warrior (D:15)
  9 death yaks (Lair:6)
  5 two-headed ogres (D:8 D:9 D:10 D:12 D:14)
  2 orc high priests (Orc:2 Elf:3)
  2 thrashing horrors (Abyss:3)
  A deep troll earth mage (D:13)
  Urug (D:11)
  Nergalle (Lair:4)
  A sun demon (Abyss:3)
  23 deep elf knights (Elf:1 Elf:2 Elf:3)
  An unseen horror (shapeshifter) (Elf:1)
  3 unseen horrors (D:11 D:13)
  2 glowing orange brains (Abyss:3)
  3 wizards (D:10 D:14)
  A phantasmal warrior (D:13)
  15 deep elf archers (Elf:1 Elf:2 Elf:3)
  A lindwurm (Lair:6)
  2 orc knights (Orc:2)
  3 necromancers (D:12 D:14)
  A wolf spider zombie (D:14)
  8 oklob plants (Lair:1 Lair:2 Lair:5)
  3 cyclopes (D:14 D:15)
  7 orc sorcerers (Orc:2 Elf:2 Abyss:3 Elf:3)
  49 deep elf magi (D:13 D:15 Elf:1 Elf:2 Elf:3)
  10 ugly things (D:12 D:13 D:14 D:15)
  2 manticores (D:15)
  6 elephants (Lair:3 Lair:6)
  A worldbinder (Abyss:3)
  A rust devil (Abyss:3)
  4 molten gargoyles (D:11)
  5 black mambas (Lair:2 Lair:3 Lair:6)
  An orange demon (Abyss:3)
  Maggie (D:6)
  4 gargoyles (D:11 D:12 D:14)
  13 cane toads (Lair:2 Lair:3 Lair:6)
  A torpor snail (Lair:3)
  4 kobold demonologists (D:11 D:13)
  5 rime drakes (Lair:1 Lair:2 Lair:4 Lair:5 Lair:6)
  An efreet (D:13)
  9 komodo dragons (D:11 Lair:1 Lair:2 Lair:4 Lair:5)
  3 polar bears (Lair:2 Lair:6)
  A queen bee (shapeshifter) (D:14)
  7 trolls (D:10 D:11 Orc:1 Orc:2)
  2 hornets (D:12 D:14)
  5 blink frogs (Lair:5)
  16 dream sheep (Lair:5 Lair:6)
  53 yaks (D:11 D:12 Lair:2 Lair:3 Lair:5)
  A shadow (D:13)
  5 wraiths (D:12 D:13 D:14)
  2 fire bats (Abyss:3)
  A ynoxinul (Abyss:3)
  8 fire elementals (D:15 Elf:2 Elf:3)
  Grum (Lair:1)
  2 water elementals (Elf:1 Elf:2)
  2 wyverns (Lair:4 Lair:6)
  9 basilisks (D:11 D:13 D:14 Lair:1 Lair:2)
  19 humans (D:14 D:13)
  7 small abominations (D:10)
  A hog (D:15)
  7 vampire mosquitoes (D:12 D:13 D:15)
  3 wargs (D:9 Orc:1 Orc:2)
  5 large abominations (D:10)
  A naga (shapeshifter) (Elf:2)
  2 acid dragons (D:12 D:14)
  3 nagas (Lair:3)
  3 hell hounds (D:15)
  2 soldier ants (D:13)
  A floating eye (Lair:2)
  Duvessa (D:7)
  15 water moccasins (D:10 Lair:1 Lair:2 Lair:3 Lair:4)
  5 ice beasts (D:8 D:9 D:11 D:13 D:15)
  33 orc warriors (D:8 D:9 D:10 D:11 D:12)
  2 sky beasts (D:10 D:14)
  4 phantoms (D:6 D:7 D:10 D:12)
  5 black bears (D:11 Lair:3 Lair:5 Lair:6)
  2 eyes of draining (D:13 D:14)
  2 necrophages (D:6 D:10)
  3 boggarts (D:12)
  13 wolves (Lair:1 Lair:4 Lair:6)
  14 centaurs (D:5 D:7 D:8 D:15 Lair:3)
  16 ogres (D:4 D:5 D:7 D:8 D:10)
  Blork the orc (Orc:2)
  23 bullfrogs (D:6 D:8 D:10 D:11 D:13)
  3 big kobolds (D:4 D:11 D:13)
  A wyvern zombie (D:8)
  3 earth elementals (Elf:1 Elf:2)
  Dowan (D:7)
  3 scorpions (D:4 D:5 D:7)
  7 killer bees (D:6 D:9 D:10)
  25 wights (D:6 D:5 D:8 D:9 D:12)
  2 electric eels (Lair:1)
  2 howler monkeys (D:13)
  A lava snake (D:12)
  A centaur zombie (D:6)
  2 bullfrog zombies (D:7 D:9)
  A quasit (Abyss:3)
  9 hounds (D:4 D:5 D:6 D:9 D:10)
  11 jellies (D:7 D:11 D:14)
  3 bullfrog skeletons (D:4 D:13)
  21 orc priests (D:3 D:4 D:5 D:6 D:8)
  5 centaur skeletons (D:8 D:12 D:14)
  3 iguanas (D:9 D:10 D:11)
  10 worker ants (D:4 D:8 D:9 D:10 D:11)
  31 orc wizards (D:4 D:5 D:8 D:9 D:10)
  3 yak simulacra (D:12)
  3 polar bear simulacra (D:12)
  A killer bee zombie (D:5)
  3 wolf simulacra (D:12)
  A hound zombie (D:8)
  A hound skeleton (D:8)
  A howler monkey zombie (D:9)
  A worker ant zombie (D:10)
  10 adders (D:2 D:6 D:7 D:9 D:11)
  2 howler monkey skeletons (D:8 D:10)
  4 shadow imps (D:7 D:8 D:10)
  13 white imps (D:10 D:11)
  3 ufetubi (D:6 D:8 Abyss:3)
  11 oozes (D:1 D:11)
  2 adder skeletons (D:4 D:6)
  A worm (D:3)
  4 dart slugs (D:1 D:3)
  4 leopard geckos (D:4 D:7 D:9)
  120 orcs (D:3 D:4 D:5 D:6 D:8)
  2 ball pythons (D:2 D:3)
  11 bats (D:1 D:2 D:3)
  10 giant cockroaches (D:1 D:2 D:3 D:4)
  5 goblins (D:1 D:2)
  6 hobgoblins (D:1 D:2 D:3)
  14 jackals (D:1 D:5 D:6 D:9)
  3 quokkas (D:3 D:7)
  6 frilled lizards (D:2 D:3 D:5)
  A jackal skeleton (D:5)
  24 kobolds (D:1 D:2 D:3 D:11 D:13)
  3 leopard gecko skeletons (D:4 D:8)
  A quokka skeleton (D:4)
  2 quokka zombies (D:5 D:6)
  9 rats (D:1 D:2 D:3)
  2 river rat simulacra (D:12)
  A bush (Lair:2)
1049 creatures vanquished.

Vanquished Creatures (collateral kills)
  2 thrashing horrors (Abyss:3)
  A deep elf knight (Elf:2)
  A shadow demon (Abyss:3)
  2 deep elf magi (Elf:2)
  An orc knight (Orc:2)
  An apocalypse crab (Abyss:3)
  A ynoxinul (Abyss:3)
  A small abomination (Abyss:3)
10 creatures vanquished.

Vanquished Creatures (others)
  A deep elf sorcerer (Elf:3)
  A deep elf high priest (Elf:1)
  A human (D:15)
  An orc warrior (Elf:2)
  An orc (D:6)
  A jackal (D:6)
  39 fungi (D:11 Lair:2 Lair:3 Lair:5 Lair:6)
  42 plants (D:11 Lair:1 Lair:2 Lair:3 Lair:4)
  5 toadstools (D:1)
92 creatures vanquished.

Grand Total: 1151 creatures vanquished

Notes
Turn   | Place    | Note
-------+----------+-------------------------------------------
     0 | D:1      | Canard the Merfolk Gladiator began the quest for the Orb.
     0 | D:1      | Reached XP level 1. HP: 16/16 MP: 1/1
    86 | D:1      | Reached skill level 5 in Polearms
    86 | D:1      | Reached XP level 2. HP: 22/22 MP: 2/2
   424 | D:1      | Reached skill level 6 in Polearms
   424 | D:1      | Reached XP level 3. HP: 27/27 MP: 3/3
  1428 | D:2      | Reached skill level 7 in Polearms
  1428 | D:2      | Reached XP level 4. HP: 30/33 MP: 4/4
  2501 | D:3      | Found a faded altar of an unknown god.
  2547 | D:3      | Reached XP level 5. HP: 31/40 MP: 5/5
  2652 | D:3      | Reached skill level 3 in Fighting
  3207 | D:4      | Reached skill level 8 in Polearms
  3547 | D:4      | Reached XP level 6. HP: 39/48 MP: 6/6
  3643 | D:4      | Reached skill level 1 in Armour
  3682 | D:4      | Reached skill level 4 in Fighting
  3731 | D:4      | Reached XP level 7. HP: 47/55 MP: 7/7
  3875 | D:4      | Reached skill level 9 in Polearms
  3882 | D:4      | Reached skill level 5 in Fighting
  3882 | D:4      | Reached skill level 2 in Armour
  4680 | D:5      | Entered Level 5 of the Dungeon
  4695 | D:5      | Found Xezy's Magic Scroll Boutique.
  4747 | D:5      | HP: 10/56 [centaur (2)]
  4749 | D:5      | Reached XP level 8. HP: 12/64 MP: 8/8
  5091 | D:5      | Bought a scroll of fear for 52 gold pieces
  5091 | D:5      | Bought a scroll of blinking for 112 gold pieces
  5091 | D:5      | Bought a scroll of fog for 30 gold pieces
  5442 | D:5      | Reached skill level 6 in Fighting
  5442 | D:5      | Reached skill level 3 in Armour
  5455 | D:5      | Reached skill level 10 in Polearms
  5723 | D:6      | Noticed Maggie
  5729 | D:6      | Paralysed by Maggie for 6 turns
  5777 | D:6      | Killed Maggie
  5778 | D:6      | Reached skill level 11 in Polearms
  5778 | D:6      | Reached skill level 4 in Armour
  6264 | D:6      | Reached XP level 9. HP: 68/69 MP: 9/9
  6377 | D:6      | Reached skill level 5 in Dodging
  6591 | D:6      | Found a staircase to the Ecumenical Temple.
  6600 | Temple   | Entered the Ecumenical Temple
  6621 | Temple   | Became a worshipper of Trog the Wrathful
  6817 | D:7      | Noticed Duvessa
  6817 | D:7      | Noticed Dowan
  6967 | D:6      | Reached skill level 1 in Evocations
  7173 | D:7      | Killed Duvessa
  7174 | D:7      | Reached skill level 7 in Fighting
  7198 | D:7      | Killed Dowan
  7316 | D:7      | Reached skill level 6 in Dodging
  7458 | D:7      | Reached skill level 2 in Evocations
  7544 | D:7      | Reached skill level 12 in Polearms
  7751 | D:8      | Reached skill level 5 in Armour
  7764 | D:8      | Reached * piety under Trog
  7906 | D:8      | Found a sacrificial altar of Ru.
  7959 | D:8      | Noticed a two-headed ogre
  7964 | D:8      | Killed a two-headed ogre
  7965 | D:8      | Reached skill level 8 in Fighting
  7965 | D:8      | Reached skill level 4 in Evocations
  7965 | D:8      | Reached XP level 10. HP: 80/80 MP: 10/10
  8323 | D:8      | Reached skill level 6 in Armour
  8895 | D:9      | Noticed a two-headed ogre
  8902 | D:9      | Killed a two-headed ogre
  8902 | D:9      | Reached ** piety under Trog
  8903 | D:9      | Reached skill level 7 in Dodging
  9836 | D:10     | Entered Level 10 of the Dungeon
  9842 | D:10     | Noticed a two-headed ogre
  9852 | D:10     | Killed a two-headed ogre
  9853 | D:10     | Reached skill level 9 in Fighting
  9853 | D:10     | Reached skill level 13 in Polearms
  9853 | D:10     | Reached skill level 8 in Dodging
 10352 | D:10     | Reached XP level 11. HP: 90/90 MP: 11/11
 10599 | D:10     | Found a runed translucent gate.
 10600 | D:10     | Found a runed translucent gate.
 10600 | D:10     | Noticed Irupsat's ghost (journeyman DrCj)
 10604 | D:10     | Found a runed translucent gate.
 10661 | D:10     | Reached skill level 10 in Fighting
 10750 | D:10     | Noticed a wizard
 10753 | D:10     | Killed a wizard
 10754 | D:10     | Reached skill level 14 in Polearms
 10759 | D:10     | Noticed a large abomination
 10763 | D:10     | Reached *** piety under Trog
 11206 | D:10     | Noticed a large abomination
 11226 | D:10     | Killed a large abomination
 11238 | D:10     | Killed a large abomination
 11239 | D:10     | Reached skill level 5 in Evocations
 11660 | D:10     | Found the +4 dagger "Morg" {pain, Will+ Int+5}
 11677 | D:10     | Got a translucent leather armour
 11688 | D:10     | Identified the +3 leather armour of Magic {rC+ Int+6} (You
                  | found it on level 10 of the Dungeon)
 11798 | D:10     | Found a roughly hewn altar of Beogh.
 11959 | D:9      | Killed Irupsat's ghost
 12117 | D:10     | Reached **** piety under Trog
 12403 | D:11     | Noticed an oklob plant
 12425 | D:11     | Noticed Erica
 12433 | D:11     | Killed Erica
 12434 | D:11     | Reached skill level 11 in Fighting
 12434 | D:11     | Reached skill level 6 in Evocations
 12462 | D:11     | Killed an unseen horror
 12463 | D:11     | Reached skill level 7 in Armour
 12479 | D:11     | Reached XP level 12. HP: 87/100 MP: 12/12
 12545 | D:11     | Noticed Urug
 12562 | D:11     | Killed Urug
 12953 | D:11     | Reached skill level 7 in Evocations
 12991 | D:11     | Found a staircase to the Orcish Mines.
 13110 | D:11     | Reached skill level 15 in Polearms
 13122 | D:11     | Reached ***** piety under Trog
 13355 | D:11     | Found a staircase to the Lair.
 13562 | D:12     | Reached skill level 12 in Fighting
 13657 | D:12     | Noticed a two-headed ogre
 13664 | D:12     | Killed a two-headed ogre
 13665 | D:12     | Reached skill level 8 in Armour
 13798 | D:12     | Reached skill level 16 in Polearms
 14270 | D:12     | Reached skill level 9 in Dodging
 14567 | D:12     | Reached XP level 13. HP: 87/108 MP: 13/13
 14932 | D:13     | Received a gift from Trog
 14933 | D:13     | Reached skill level 17 in Polearms
 14941 | D:13     | Reached skill level 10 in Dodging
 15055 | D:13     | Found an ornate altar of the Wu Jian Council.
 15057 | D:13     | You fall into a shaft and drop 1 floor!
 15794 | D:13     | Found a runed translucent door.
 15795 | D:13     | Noticed a fire dragon
 16024 | D:13     | Reached skill level 11 in Dodging
 16513 | D:13     | Reached skill level 18 in Polearms
 16721 | D:13     | Killed a fire dragon
 16721 | D:13     | Received a gift from Trog
 16727 | D:13     | Got a faintly glowing leather armour
 16740 | D:13     | Identified the cursed +1 leather armour of Vuuq {rF- rCorr
                  | Int+4} (You found it on level 13 of the Dungeon)
 17027 | D:14     | Found the +0 mask of the Dragon {Will+ Slay+3 SInv}
 17215 | D:14     | Noticed a vault guard
 17227 | D:13     | Reached XP level 14. HP: 36/116 MP: 14/14
 17772 | D:14     | Reached skill level 12 in Dodging
 18596 | D:14     | Found a gate to the Vaults.
 18765 | D:15     | Entered Level 15 of the Dungeon
 18837 | D:15     | Received a gift from Trog
 19014 | D:15     | Reached skill level 13 in Fighting
 19119 | D:15     | Noticed Kirke
 19128 | D:15     | Killed Kirke
 19129 | D:15     | Reached skill level 19 in Polearms
 19129 | D:15     | Reached skill level 9 in Armour
 19390 | D:15     | Found a staircase to the Depths.
 19439 | D:15     | Reached skill level 13 in Dodging
 19538 | D:15     | Found a runed translucent gate.
 19538 | D:15     | Found a runed translucent gate.
 19538 | D:15     | Noticed a frost giant
 19539 | D:15     | Found a runed translucent gate.
 19539 | D:15     | Noticed Qishud's ghost (adept GrEE)
 19874 | D:15     | Noticed Azrael
 19885 | D:15     | Killed Azrael
 19951 | D:15     | Identified the +1 ring mail of Beogh's Inspiration {*Drain
                  | rN+ Str+4 Int+4}
 20280 | D:15     | HP: 26/177 [Qishud's ghost/blast of rock fragments (38)]
 20281 | D:15     | Killed Qishud's ghost
 20282 | D:15     | HP: 9/178 [yaktaur captain (16)]
 20612 | D:15     | Killed a frost giant
 20668 | D:15     | Got a smoking steel ring
 20797 | Lair:1   | Entered Level 1 of the Lair of Beasts
 20875 | Lair:1   | Reached skill level 14 in Fighting
 20881 | Lair:1   | Reached skill level 20 in Polearms
 20959 | Lair:1   | Identified the ring "Kycheyz" {+Fly rF- Str+9 Int+6 Dex+3}
                  | (You found it on level 15 of the Dungeon)
 21132 | Lair:1   | Noticed Grum
 21144 | Lair:1   | Killed Grum
 21833 | Lair:2   | Reached XP level 15. HP: 109/126 MP: 15/15
 22106 | Lair:2   | Reached skill level 3 in Throwing
 22123 | Lair:2   | Got an encrusted plate armour
 22355 | Lair:2   | Identified the +4 plate armour of the Vaults {+Blink rN+}
                  | (You found it on level 2 of the Lair of Beasts)
 22516 | Lair:2   | Received a gift from Trog
 22662 | Lair:3   | Found a staircase to the Snake Pit.
 22690 | Lair:3   | Found a staircase to the Shoals.
 22697 | Lair:3   | Found a bloodstained altar of Trog.
 23229 | Lair:3   | Reached skill level 4 in Throwing
 23564 | Lair:4   | Noticed Nergalle
 23569 | Lair:4   | Killed Nergalle
 23611 | Lair:4   | Reached skill level 8 in Evocations
 24036 | Lair:4   | Noticed Nessos
 24108 | Lair:4   | Killed Nessos
 24679 | Lair:5   | Found a staircase to the Slime Pits.
 24697 | Lair:5   | Reached skill level 14 in Dodging
 24866 | Lair:5   | Reached ****** piety under Trog
 24907 | Lair:5   | Reached skill level 5 in Throwing
 25340 | Lair:6   | Entered Level 6 of the Lair of Beasts
 25619 | Lair:6   | Reached XP level 16. HP: 134/134 MP: 16/16
 25619 | Lair:6   | Received a gift from Trog
 25625 | Lair:6   | Reached skill level 15 in Fighting
 25641 | Lair:6   | Reached skill level 6 in Throwing
 25644 | Lair:6   | Reached skill level 10 in Armour
 25779 | Lair:6   | Noticed Comi's ghost (journeyman TeBe)
 25837 | Lair:6   | Found a transporter.
 26227 | Lair:6   | Reached skill level 15 in Dodging
 26324 | Lair:6   | Found a transporter.
 26611 | Orc:1    | Entered Level 1 of the Orcish Mines
 26911 | Orc:1    | Received a gift from Trog
 26928 | Orc:1    | Reached skill level 7 in Throwing
 27033 | Orc:2    | Entered Level 2 of the Orcish Mines
 27309 | Orc:2    | Found a staircase to the Elven Halls.
 27475 | Orc:2    | Found Paha Xoch's Antique Weapon Emporium.
 27537 | Orc:2    | Noticed Saint Roka
 27839 | Orc:2    | Found a roughly hewn altar of Beogh.
 27850 | Orc:2    | Found Ysaul's Jewellery Boutique.
 27861 | Orc:2    | Found Dauvuyh's General Store.
 27864 | Orc:2    | Found Beiwy's Antique Armour Boutique.
 27919 | Orc:2    | Found Ore Anecs's Antique Weapon Boutique.
 27957 | Orc:2    | Bought the amulet of Ethics {Spirit rN+ Str+5} for 620 gold
                  | pieces
 28003 | Orc:2    | Noticed Blork the orc
 28018 | Orc:2    | Killed Blork the orc
 28040 | Orc:2    | Received a gift from Trog
 28049 | Orc:2    | Killed Saint Roka
 28257 | Elf:1    | Entered Level 1 of the Elven Halls
 28441 | Elf:1    | Reached skill level 8 in Throwing
 28635 | Elf:1    | Identified the Tome of Blows and Bruises
 28790 | Elf:1    | Reached skill level 16 in Fighting
 28790 | Elf:1    | Reached XP level 17. HP: 143/144 MP: 17/17
 28794 | Elf:1    | Reached skill level 16 in Dodging
 28867 | Elf:1    | Found Zuxohec's Armour Shoppe.
 28949 | Elf:1    | Received a gift from Trog
 28960 | Elf:1    | Reached skill level 11 in Armour
 29501 | Elf:2    | Found Yheavvut's Gadget Shoppe.
 29648 | Elf:2    | Reached skill level 17 in Fighting
 29709 | Elf:2    | Received a gift from Trog
 29870 | Elf:2    | Found a runed translucent gate.
 29870 | Elf:2    | Found a runed translucent gate.
 29875 | Elf:2    | Found a runed translucent gate.
 30123 | Elf:2    | Identified the +2 robe "Wegat" {+Inv rC+ Will+}
 30715 | Elf:2    | You are cast into the Abyss!
 30715 | Elf:2    | Cast into level 3 of the Abyss (a deep elf demonologist)
 30787 | Abyss:3  | Noticed a sphinx
 30791 | Abyss:3  | Noticed a lich
 30799 | Abyss:3  | Gained mutation: Your body sometimes deteriorates upon
                  | taking damage. [a cacodemon]
 30804 | Abyss:3  | Killed a sphinx
 30805 | Abyss:3  | Killed a lich
 30805 | Abyss:3  | Gained mutation: You are frail. (-10% HP) [a cacodemon]
 30819 | Abyss:3  | Identified Huatysk's Almanac of Stones
 30820 | Abyss:3  | Identified the Collected Works on Evil Rituals
 30854 | Abyss:3  | Identified the Guide on Feathers
 30866 | Abyss:3  | Identified the Grimoire of the Oath
 30869 | Abyss:3  | Identified Faecw's Grimoire of Transmutation
 30874 | Abyss:3  | Identified Yvughat's Volume of the Birds
 30884 | Abyss:3  | Identified Doasaydi's Almanac of Feathers
 30887 | Abyss:3  | Identified the Almanac of the Voyage
 30894 | Abyss:3  | Identified the Disquisition on Transmigration
 30931 | Elf:2    | Escaped the Abyss
 30941 | Elf:2    | Noticed an Ice Fiend
 30975 | Elf:1    | Lost mutation: You are frail. (-10% HP) [potion of
                  | mutation]
 30975 | Elf:1    | Lost mutation: Your body sometimes deteriorates upon taking
                  | damage. [potion of mutation]
 30975 | Elf:1    | Gained mutation: Your muscles are strong. (Str +2) [potion
                  | of mutation]
 30975 | Elf:1    | Gained mutation: Your mind is acute. (Int +2) [potion of
                  | mutation]
 31070 | Elf:2    | Reached skill level 18 in Fighting
 31147 | Elf:2    | Found a runed translucent gate.
 31147 | Elf:2    | Found a runed translucent gate.
 31147 | Elf:2    | Found a runed translucent gate.
 31147 | Elf:2    | Found a runed translucent gate.
 31147 | Elf:2    | Found a runed translucent gate.
 31148 | Elf:2    | Found a runed translucent gate.
 31359 | Elf:2    | Reached skill level 9 in Evocations
 31744 | Elf:2    | Received a gift from Trog
 31773 | Elf:2    | Reached XP level 18. HP: 157/157 MP: 18/18
 31816 | Elf:2    | Noticed Nikola
 31828 | Elf:2    | Killed Nikola
 31841 | Elf:2    | Reached skill level 10 in Evocations
 31886 | Elf:2    | Noticed a deep elf blademaster
 31895 | Elf:2    | Killed a deep elf blademaster
 31987 | Elf:2    | Reached skill level 12 in Armour
 32366 | Elf:3    | Entered Level 3 of the Elven Halls
 32745 | Elf:3    | Found a shimmering blue altar of Sif Muna.
 33172 | Elf:3    | Identified the ring of the Firefly {+Blink rC+}
 33199 | Elf:3    | Noticed a deep elf master archer
 33201 | Elf:3    | Received a gift from Trog
 33208 | Elf:3    | Killed a deep elf master archer
 33212 | Elf:3    | Noticed a Brimstone Fiend
 33353 | Elf:3    | Noticed a deep elf master archer
 33361 | Elf:3    | Killed a deep elf master archer
 33362 | Elf:3    | Reached skill level 17 in Dodging
 33438 | Elf:3    | Noticed a deep elf blademaster
 33452 | Elf:3    | HP: 21/158 [deep elf sorcerer/bolt of acid (28)]
 33454 | Elf:3    | Noticed a deep elf blademaster
 33460 | Elf:3    | Identified the +5 ring mail of Ganlomugh {rF+ Regen+}
 33460 | Elf:3    | Noticed a deep elf blademaster
 33471 | Elf:3    | HP: 38/237 [deep elf blademaster/+0 rapier (21)]
 33476 | Elf:3    | HP: 22/237 [deep elf blademaster/+0 rapier (6)]
 33477 | Elf:3    | HP: 7/237 [deep elf blademaster/+0 rapier (5)]
 33478 | Elf:3    | Mangled by a deep elf blademaster

Illustrated notes

Levels and vault maps discovered:
D:1:      ldierk_walled_garden, layout_loops_corners
D:2:      layout_loops_ring
D:3:      layout_loops_corners, chequers_ecumenical_altar_grove
D:4:      layout_cave_pods, serial_column_ruins, column_ruins_grid_2,
          column_ruins_columns_corner, column_ruins_columns_corner,
          column_ruins_columns_straight, column_ruins_open_small,
          minmay_starry_boxes
D:5:      layout_rooms, serial_shops, shop_fountains
D:6:      layout_cave_pools, lemuel_temple_firewalk_b, serial_glass,
          glass_columns_c, glass_columns_b, uniq_maggie
D:7:      layout_basic, kennysheep_big_empty_room, uniq_duvessa
D:8:      layout_layer_cave, lemuel_doored_altar
D:9:      minmay_angry_zag, layout_loops_corners
D:10:     layout_cave_pools, biasface_ghost_orc_armoury, special_room
          [special_room_orc], laboratory
D:11:     lemuel_slime, layout_basic, grunt_lair_entry_orc_guard_hut,
          orc_0_dummy, portal_ice_cave_entry_imps, minivault_8, uniq_urug,
          uniq_erica
D:12:     layout_loops_ring, kennysheep_cross_room, hangedman_decor_lopped,
          eino_house_with_fridge
D:13:     layout_stronghold, basic_altar, kennysheep_another_room,
          kennysheep_treasure_room
D:14:     layout_loops_ring, grunt_vaults_entry_tiered, minmay_holes
D:15:     grunt_enter_depths_hoard, layout_basic, gammafunk_ghost_split,
          minmay_misc_feat_columns, uniq_kirke, uniq_azrael
Temple:   compressed_dpeg_triangle_lava_temple
Lair:1:   layout_gridlike, grunt_megastairs_2, minmay_lair_oklob_chamber,
          uniq_grum
Lair:2:   layout_regular_city, disabler_island
Lair:3:   layout_layer_cave, shoals_dummy_entry,
          minmay_snake_entry_guardpost_medium, lemuel_centaur_altar,
          grunt_megastairs_1
Lair:4:   layout_cave_pods, uniq_nergalle, uniq_nessos
Lair:5:   layout_roguey, minmay_slime_entry_oklob_open
Lair:6:   grunt_lair_end_beastmaster, layout_hall_layers, gammafunk_ghost_arena,
          grunt_megastairs_5
Orc:1:    layout_diamond_mine
Orc:2:    grunt_orc_cross, layout_diamond_mine, serial_shops, shop,
          mines4_lemuel
Elf:1:    layout_loops_corners, serial_shops, shop_fountains,
          minmay_elf_annihilation
Elf:2:    layout_loops_corners, serial_shops, shop, orc_legates, uniq_nikola
Elf:3:    nooodl_elf_gasket, layout_loops_cross, amcnicky_altar_gilded

Skill      XL: |  1  2  3  4  5  6  7  8  9 10 11 12 13 14 15 16 17 18 |
---------------+-------------------------------------------------------+-----
Polearms       | 5 6 7 8 9 11 12 13 14 16 18 20 | 20.0
Fighting       | 3 4 5 6 8 9 11 12 14 16 18 | 18.7
Armour         | 1 2 4 5 6 7 8 9 10 11 12 | 12.6
Dodging        | 6 8 9 11 13 14 15 16 17 | 17.2
Evocations     | 4 6 7 8 9 10 | 10.0
Throwing       | 5 8 |  8.0

Action                   |  1- 3 |  4- 6 |  7- 9 | 10-12 | 13-15 | 16-18 || total
-------------------------+-------+-------+-------+-------+-------+-------++-------
Melee: Trident           |    93 |   229 |   428 |   419 |       |       ||  1169
       Glaive            |       |       |       |   324 |   926 |  1001 ||  2251
       Demon trident     |       |       |       |       |    73 |    15 ||    88
Throw: Dart              |       |       |    31 |       |       |       ||    31
       Boomerang         |       |       |     4 |       |    19 |       ||    23
       Javelin           |       |       |       |       |       |    18 ||    18
Invok: Berserk           |       |       |     1 |    10 |    10 |     9 ||    30
       Trog's Hand       |       |       |       |     1 |     1 |    11 ||    13
       Brothers in Arms  |       |       |       |       |       |     4 ||     4
Evoke: Wand              |       |       |       |       |     2 |       ||     2
  Use: Scroll            |       |     5 |       |    15 |    12 |     8 ||    40
       Potion            |       |       |     3 |       |       |     6 ||     9
 Stab: Sleeping          |     3 |     2 |     2 |     2 |     1 |       ||    10
       Distracted        |       |       |       |     1 |       |       ||     1
Armor: Leather armour    |    19 |    28 |     8 |       |       |       ||    55
       Skin              |       |       |   112 |       |       |       ||   112
       Ring mail         |       |       |    83 |    80 |   159 |    69 ||   391
       Chain mail        |       |       |       |       |       |    15 ||    15
Dodge: Dodged            |    43 |   122 |   301 |   286 |   751 |   564 ||  2067
       Repelled          |       |       |       |     6 |    13 |    13 ||    32
